Zazza, neutral female human Wizard --------- ------- #+.......| ----------- ---------- |.....| #|.......| # |..........# |........| |.....| #|.......|* #$###|.........|#* |........| |.....| #|........ * ..........|# # |........| ###......| #........| --.-----.--# #-.----|--- |.....| #|>.......# ## * Z ########### #-.....| #-----.---# # # # #` ###*# # ###------- #### ### # % # ### ### # # # # ----.- # # # # ### #### ##-^...| #### # ### ### # --------# |...*| ## #----.- ## # ### |...(...# |.....` `#####%|....| --.----.-- # |......|# |....| * # #.....| |........-## |......-# |....| ## #|....| |........| -------- ------ * #...<.. |........| ##.._..|## ...<.....| #------ `##..-------- Zazza the Conjurer Experience level: 5 Strength: 10 Dexterity: 14 Constitution: 17 Intelligence: 18 Wisdom: 9 Charisma: 13 Health: 0(34) Energy: 6(61) Def: 2 Gold: 0 Moves: 3591 Dungeon seed: TRYiHdacTyQt82Dt Game ID: Zazza_1577130400 Your Inventory: Weapons w - a +0 orcish dagger (weapon in hand) Armor e - a blessed burnt +0 cloak of magic resistance (being worn) r - an uncursed +0 leather armor (being worn) Rings c - an uncursed ring of polymorph control (on left hand) d - an uncursed ring of invisibility (on right hand) Wands b - a wand of striking (0:4) Tools z - an uncursed bag of holding R - an uncursed tooled horn S - an uncursed mirror U - an uncursed skeleton key Z - an uncursed stethoscope Contents of the bag of holding: 582 gold pieces a +2 crossbow a blessed +0 javelin 6 poisoned +0 crossbow bolts a blessed +1 quarterstaff an uncursed +0 orcish helm a cursed -1 orcish helm an uncursed food ration an uncursed fortune cookie 2 uncursed slime molds 2 uncursed tins of brown mold an uncursed tripe ration an uncursed scroll of charging an uncursed scroll of confuse monster an uncursed scroll of gold detection 2 uncursed scrolls of identify an uncursed scroll of scare monster an uncursed scroll of scare monster a blessed spellbook of force bolt an uncursed spellbook of healing a blessed spellbook of slow monster an uncursed spellbook of slow monster an uncursed potion of extra healing an uncursed potion of hallucination an uncursed potion of healing an uncursed potion of invisibility an uncursed potion of object detection a wand of striking (0:6) a blessed figurine of a lichen an uncursed leash an uncursed opal Spells and supernatural/magical abilities: Name Level Category Fail Memory a - force bolt 1 attack 0% 83% h - healing 1 healing 0% 83% s - slow monster 2 enchantment 0% 83% W - pray for help -- divine ? -- Your skills at the end: Fighting Skills Weapon Skills quarterstaff [Basic] Spellcasting Skills attack spells [Skilled] enchantment spells [Basic] Final Attributes: You were piously aligned. You were magic-protected. You were telepathic. You were invisible. You had polymorph control. You are dead. Vanquished creatures: a werewolf a rock piercer a rock mole a gnome lord a floating eye a kitten 2 homunculi a kobold shaman a rothe a dwarf zombie a werejackal an iguana 6 coyotes a gas spore a hobbit 2 hobgoblins 3 giant rats 3 yellow molds a green mold a gnome zombie 3 geckos 8 jackals 3 foxes a goblin a sewer rat 10 grid bugs a lichen a kobold zombie 7 newts 66 creatures vanquished. Voluntary challenges: You used a wielded weapon 47 times, starting on turn 169. You read items or engraved 4 times, starting on turn 108. You never genocided any monsters. You never polymorphed an object. You never changed form. You used no wishes. You never split a pudding. You wrote Elbereth's name 2 times, starting on turn 554. You never violated your personal moral code. Dungeon overview: The Dungeons of Doom: levels 1 to 7 Level 1 (gold) a long staircase Level 2 a hardware shop, a fountain, a sink stairs to The Gnomish Mines Level 3 an altar to Thoth Level 4 a general store, a fountain Level 5 many fountains Level 6 <- You were here an altar to Ptah a long staircase Level 7 The Gnomish Mines: Level 3 stairs to The Dungeons of Doom History has recorded: On T:1 you entered the Dungeons of Doom to retrieve the Amulet of Yendor! On T:363 you reached level 2 of The Dungeons of Doom. On T:651 you advanced to experience level 2. On T:1411 you reached level 1 of The Gnomish Mines. On T:1487 you advanced to experience level 3. On T:1542 you reached level 3 of The Dungeons of Doom. On T:1935 you advanced to experience level 4. On T:1973 you reached level 4 of The Dungeons of Doom. On T:2325 you reached level 5 of The Dungeons of Doom. On T:2522 you reached level 7 of The Dungeons of Doom. On T:2861 you advanced to experience level 5. On T:3021 you reached level 6 of The Dungeons of Doom. Score breakdown: Gold: 582 ( 9407 points) Experience: 5 levels (11141 points) Exploration: 7 levels ( 14.29%) (10606 points) Discoveries: 10 items ( 3.48%) ( 5599 points) Valuables value: (no points given unless you survive) Artifact value: 0 ( 0 points) Variety of kills: 29 monsters ( 7.61%) ( 8276 points) Turncount: 3591 turns ( -865 points) Survival: died (score multiplied by 80%) Total score: 35331 Latest messages: You are now more skilled in attack spells. You see here a dwarf corpse. The dwarf zombie misses. You miss the dwarf zombie. The dwarf zombie hits! You can't go up here. You don't have enough energy to cast that spell. You see here a dwarf corpse. You hit the dwarf zombie. (2x) The dwarf zombie bumps right into you! You hit the dwarf zombie. (2x) The dwarf zombie hits! You hit the dwarf zombie. You miss the dwarf zombie. The dwarf zombie hits! You hit the dwarf zombie. You miss the dwarf zombie. The dwarf zombie hits! You hit the dwarf zombie. (2x) The dwarf zombie hits! You miss the dwarf zombie. (2x) The dwarf zombie hits! You die... Final status: Goodbye Zazza the Wizard, killed by a dwarf zombie... You died in The Dungeons of Doom on dungeon level 6 with 35331 points, and 582 pieces of gold, after 3591 moves. You were level 5 with a maximum of 34 hit points when you died.